 Dungeon Crawl Stone Soup version 0.26.1-11-gd32895ea62 (webtiles) character file.

Game seed: 11980097589334691439

28 raph the Caller (level 2, 0/15 HPs)
             Began as a Deep Elf Summoner on Apr 20, 2021.
             Slain by a worm (12 damage)
             ... on level 2 of the Dungeon.
             The game lasted 00:03:01 (2516 turns).

raph the Caller (Deep Elf Summoner)                 Turns: 2516, Time: 00:03:02

Health: 0/15       AC:  3    Str:  5    XL:     2   Next: 96%
Magic:  6/8        EV: 13    Int: 19    God:
Gold:   51         SH:  0    Dex: 15    Spells: 4/7 levels left

rFire    . . .     SeeInvis .   d - +0 dagger
rCold    . . .     Faith    .   (no shield)
rNeg     . . .     Spirit   .   a - +0 robe
rPois    .         Reflect  .   (no helmet)
rElec    .         Harm     .   (no cloak)
rCorr    .         Rampage  .   (no gloves)
Will     .....                  f - +0 pair of boots
Stlth    ++........             (no amulet)
HPRegen  0.05/turn              (no ring)
MPRegen  0.11/turn              (no ring)

@: no status effects
A: no striking features
a: no special abilities


You were on level 2 of the Dungeon.
You visited 1 branch of the dungeon, and saw 2 of its levels.

You collected 51 gold pieces.

Inventory:

Hand Weapons
 c - a +0 whip
 d - a +0 dagger (weapon)
Armour
 a - a +0 robe (worn)
 f - a +0 pair of boots (worn)
Scrolls
 g - a scroll of amnesia
 i - a scroll of enchant armour {unknown}
 j - a scroll of immolation {unknown}
 l - a scroll of identify
Potions
 b - a potion of mutation
 e - a potion of curing {unknown}
 h - 2 potions of might {unknown}
 k - a potion of degeneration {unknown}


   Skills:
 + Level 2.8 Dodging
 + Level 2.9 Stealth
 + Level 3.4 Spellcasting
 * Level 4.8 Summonings


You had 4 spell levels left.
You knew the following spells:

 Your Spells              Type           Power        Failure   Level
a - Summon Small Mammal   Summ           84%          1%          1
b - Call Imp              Summ           21%          3%          2

Your spell library contained the following spells:

 Spells                   Type           Power        Failure   Level
 Call Canine Familiar     Summ           21%          6%          3
 Summon Guardian Golem    Hex/Summ       12%          16%         3
 Summon Ice Beast         Ice/Summ       12%          47%         4
 Summon Lightning Spire   Summ/Air       12%          47%         4


Dungeon Overview and Level Annotations

Branches:
Dungeon (2/15)

Altars:


Message History

Your bat hits the worm but does no damage.
Your quokka bites the worm. x2; The worm barely misses you.
You barely miss the worm.
The worm is moderately wounded.
Your bat closely misses the worm.
Your bat hits the worm.
Your quokka bites the worm.
You hit the worm but do no damage.
The worm is heavily wounded.
Your bat hits the worm.
Your bat hits the worm but does no damage.
Your quokka bites the worm.
You barely miss the worm.
The worm is severely wounded.
Your bat hits the worm.
Your quokka bites the worm but does no damage.
You hit the worm.
The worm is almost dead.
Your quokka bites the worm.
The worm bites you!
Ouch! That really hurt!
You die...

.# #.*** ***,,*******,*,, .##
#.,,* *,,,,,,,,,,,,*,*
..###.*,########**,*,**,,,*****,*
..)...,,..##.?..,,,*,,,,,,,* *,*
..#...###....#####*******,,****,*
....##..#........,,,,,,,,,,,,,,,*
##..#.##.#.#....######*******,,,,
*#.#(##.#.#....#....#,,,,,**,**,
#..#..##.###..@.#,,,>,,*,**,**,
####.###......)5rw#,,,,,,*,,,,**,
................#.#,,,,,,*,*****,
#####.#.....#####.#,,,,,,*******,
....#.#.....#,,,,b#*,,,*,,,,,,,,,
.##.#.#.....#,*,,..,,,,,,,,******
....#.#.....#,,,,..,,,,,,*,*
##..#.#.......,,,.#.,,,,,*,*
##....#......##*,,*,,**,,*,*


You could see a worm, a friendly crimson imp (summoned), a friendly quokka
(summoned) and a friendly bat (summoned).

Vanquished Creatures
  A bat (D:2)
  A goblin (D:2)
  4 hobgoblins (D:1)
  A quokka (D:2)
  2 frilled lizards (D:2)
  3 kobolds
  3 rats
15 creatures vanquished.

Vanquished Creatures (collateral kills)
  An adder (D:2)
  A goblin (D:1)
  2 hobgoblins (D:2)
  A kobold (D:1)
  A bat (D:1)
  A rat (D:1)
7 creatures vanquished.

Grand Total: 22 creatures vanquished

Notes
Turn   | Place    | Note
-------+----------+-------------------------------------------
     0 | D:1      | raph the Deep Elf Summoner began the quest for the Orb.
     0 | D:1      | Reached XP level 1. HP: 10/10 MP: 6/6
  1540 | D:1      | Reached XP level 2. HP: 15/15 MP: 8/8
  1907 | D:2      | Learned a level 2 spell: Call Imp
  2516 | D:2      | Slain by a worm

Illustrated notes

Levels and vault maps discovered:
D:1:      roderic_octagonal_star, layout_basic
D:2:      layout_basic, minivault_27, minmay_tetromino_l4

Action                   || total
-------------------------++-------
Melee: Dagger            ||    48
       Unarmed           ||    17
       Whip              ||     8
 Cast: Summon Small Mamm ||    19
       Call Imp          ||     4
  Use: Scroll            ||     7
       Potion            ||     1
 Stab: Sleeping          ||     8
Armor: Robe              ||    20
Dodge: Dodged            ||    60
